AoeStats
← O salteador de ovelhas

MegaRandom

505112273Analyzed
2v2 RM · 23d ago on Sep 7, 2026· 45m 51s· 4 players
Game mode
Random Map
Map size
Medium (4 player)
Population
200
Speed
Normal
Resources
Standard
Victory
Conquest
Starting age
Dark Age
Ending age
Imperial Age
RankedLock teamsTeams togetherTeam positionsShared explorationLock speedFull tech treeHidden civsTurbo modeCheats
Victory
Defeat
🇺🇸 Mongols · United States
1066
+15
🇳🇴 Muisca · Norway
1056
+16
🇵🇹 Wu · Portugal
1063
-16
🇵🇹 Japanese · Portugal
1046
-15
O salteador de ovelhas
2:33 Loom
10:36 Feudal Age
12:36 Man-at-Arms
21:24 Castle Age
19:39 Horse Collar
20:24 Double-Bit Axe
23:00 Scale Barding Armor
23:23 Bow Saw
24:39 Town Watch
25:30 Wheelbarrow
28:37 Chain Barding Armor
32:23 Hand Cart
40:54 Imperial Age
38:30 Town Patrol
Kingping
2:46 Loom
4:12 Loom
9:36 Feudal Age
12:20 Man-at-Arms
19:41 Castle Age
19:41 Scale Mail Armor
19:39 Double-Bit Axe
20:26 Long Swordsman
20:53 Arson
24:24 Fletching
24:36 Padded Archer Armor
28:15 Wheelbarrow
28:02 Leather Archer Armor
27:47 Bodkin Arrow
31:27 Thumb Ring
33:10 Gold Mining
38:36 Imperial Age
35:52 Town Watch
36:03 Elite Skirmisher
37:03 Leather Archer Armor
36:41 Stone Mining
37:43 Horse Collar
39:00 Chain Mail Armor
40:18 Bracer
41:40 Gambesons
41:16 Two-Handed Swordsman
43:01 Ring Archer Armor
42:52 Bow Saw
42:47 Heavy Plow
43:10 Squires
44:11 Chain Mail Armor
44:07 Forging
Moscow
0:40 Loom
8:42 Feudal Age
11:35 Bloodlines
11:50 Bloodlines
11:52 Double-Bit Axe
24:49 Castle Age
22:36 Town Watch
24:13 Gold Mining
24:17 Stone Mining
26:24 Thumb Ring
26:23 Husbandry
27:36 Bow Saw
29:16 Wheelbarrow
34:22 Fletching
34:32 Padded Archer Armor
34:38 Scale Barding Armor
36:06 Leather Archer Armor
37:01 Ballistics
40:07 Horse Collar
41:19 Bodkin Arrow
45:50 Imperial Age
langotriel
0:32 Loom
9:59 Feudal Age
10:28 Champi Runner
12:01 Forging
13:09 Horse Collar
13:18 Double-Bit Axe
20:21 Castle Age
18:57 Stone Mining
20:30 Gold Mining
21:28 Scale Mail Armor
20:52 Champi Warrior
22:26 Wheelbarrow
25:02 Squires
25:32 Heavy Plow
26:48 Chain Mail Armor
27:36 Bow Saw
33:18 Imperial Age
31:46 Hand Cart
31:39 Fletching
32:44 Bodkin Arrow
33:26 Town Watch
34:52 Iron Casting
35:34 Conscription
35:15 Herbalism
35:07 Capped Ram
35:14 Elite Champi Warrior
36:30 Elite Temple Guard
38:59 Plate Mail Armor
39:22 Sanctity
39:14 Fervor
43:34 Bracer
Connection lost

Rejoining the realm…

Still unreachable

The connection could not be restored.

Session expired

The server has moved on; the page needs a fresh start.